 BcadrenCrawl: Boulder Brew version 0.03.2.1-32-g00f802a9a0 (webtiles) character file.

Game seed: 139922175143052864, levelgen mode: deterministic

126 esc the Whippersnapper (level 5, -4/29 HPs) Gargoyle Noble. Began on Jan 22, 2021. Splashed by a jelly's acid (9 damage) ... on level 2 of the Dungeon. The game lasted 00:02:07 (829 turns).

esc the Whippersnapper (Gargoyle Noble)              Turns: 829, Time: 00:02:10

Health: -4/29      AC:  6    Str: 14    XL:     5 ^: 139
Magic:  6/6        EV:  3    Int: 11    God:
Gold:   58         SH:  0    Dex: 16    Spells: 6/6 levels left

rFire    x . .     Vision   .   c - +1 demon whip
rCold    + + .     Gourm    .   (no weapon)
rNeg     + . .     Faith    .   g - +0 ice dragon scales
rPois    ∞         Spirit   .   (no helmet)
rElec    +         Reflect  .   (no cloak)
rCorr    .         Harm     .   d - +0 pair of gloves {Dex+3}
MR       .....                  (no boots)
Stlth    ..........             (no amulet)
HPRegen  0.19/turn              (no ring)
MPRegen  0.16/turn              (no ring)

@: corroded
A: negative energy resistance 1, electricity resistance, unbreathing,
petrification resistance, rot immunity, AC +4
a: no special abilities


You were on level 2 of the Dungeon.
You were not hungry.

You visited 1 branch of the dungeon, and saw 2 of its levels.
You also visited: Market.

You collected 8 gold pieces.
You spent 950 gold pieces at shops.

Inventory:

Weapons
 c - a +1 demon whip (weapon)
Armour
 a - a +0 robe
 d - a +0 pair of gloves of dexterity (worn)
 g - +0 ice dragon scales (worn)
Scrolls
 h - a scroll of fear
 i - a scroll of magic mapping
 k - a scroll of enchantment
Potions
 e - 2 potions of agility
 j - a potion of curing
Comestibles
 b - 6 rations
 f - 3 chunks of flesh


   Skills:
 - Level 1.1 Fighting
 + Level 4.5 Whips & Flails
 - Level 1.1 Stealth
 - Level 1.0 Spellcasting


You had 6 spell levels left.
You didn't know any spells.
Your spell library was empty.

Dungeon Overview and Level Annotations

Branches:
Dungeon (2/8)

Altars:


Innate Abilities, Weirdness & Mutations

You are resistant to torment.
Your stone body is resilient. (AC +4)
You are immune to poison.
You resist negative energy. (rN+)
You are resistant to electric shocks. (rElec)
You can survive without breathing.
You are immune to petrification.
You are immune to rotting.


Message History

You enter the shallow water.
Moving in this stuff is going to be slow.
A jelly comes into view.
The jelly quivers.
You whack the jelly (8)!
Your hands burn (3).
You hit the jelly but do no damage. The acid corrodes you!
Your hands burn (5).
The jelly is heavily wounded. (11/19) HP The jelly hits you but does no damage.
You hit the jelly (5). The acid corrodes you!
Your hands burn (1).
You hit the jelly but do no damage.
Your hands burn (5).
The jelly is severely wounded. (6/19) HP The jelly splashes around in the water.
You hit the jelly (3). The acid corrodes you!
Your hands burn (5).
You hit the jelly but do no damage.
Your hands burn (4).
* * * LOW HITPOINT WARNING * * *
The jelly is almost dead. (3/19) HP The jelly hits you (2).
* * * LOW HITPOINT WARNING * * *
You are splashed with acid (9)!
You die...

###.≈≈≈≈≈#.#.≈.#........##
#≈.≈≈≈≈≈≈#####≈#....≈.≈.#.
#.#≈≈≈≈≈≈# #≈≈###.≈####≈#.
#≈.≈≈≈≈≈≈###.##.####..####
###≈≈≈≈≈≈.≈#≈#.≈.#.#≈...##
##
#≈≈≈≈≈≈≈≈#.##≈#.#.#≈≈##≈#.
P##P#≈≈≈≈≈≈#≈.#####≈##≈####≈
#≈##..≈≈≈≈≈..## ####.≈.#≈#
#<#≈≈.≈≈≈≈.@≈# #≈.###≈#
##÷.÷≈≈b≈≈.#J# #≈...≈##
#≈##≈≈≈≈≈≈..# ##.....#
####≈≈≈≈≈.... #...≈##
#P≈≈.b.#..≈ ######
#.P..≈.##≈≈# #...≈≈.# .##
#.≈≈≈≈≈# .≈ .≈≈≈≈≈#


You could see a jelly.

Vanquished Creatures
  2 jellies (D:2)
  A giant cockroach (D:1)
  2 sewer rats (D:1)
  4 cinder newts
  An ooze (D:1)
  3 ball pythons (D:1)
  A bat (D:1)
  3 goblins (D:1)
  2 hobgoblins (D:1)
  A kobold (D:1)
  An orc skeleton (D:2)
  A rat (D:1)
22 creatures vanquished.

Vanquished Creatures (others)
  A ball python (D:2)
  63 withered plants (D:2)
64 creatures vanquished.

Grand Total: 86 creatures vanquished

Notes
Turn   | Place    | Note
-------+----------+-------------------------------------------
     0 | Start Ma | esc the Gargoyle Noble began the quest for the Orb.
     0 | Start Ma | Reached XP level 1. HP: 12/12 MP: 2/2
     0 | Start Ma | Found Gunurgh's Mashing MeleeMart.
     6 | Start Ma | Found Iqoskuwo's Auxillary Armour.
     7 | Start Ma | Bought a +0 demon whip for 600 gold pieces
    15 | Start Ma | Found Eskood's Expert Tomes.
    27 | Start Ma | Bought a +0 pair of gloves of dexterity for 230 gold pieces
    37 | Start Ma | Bought a scroll of enchantment for 120 gold pieces
    44 | D:1      | esc set off with the following items: a +0 robe, a ration,
                  | a +1 demon whip, a +0 pair of gloves of dexterity
    50 | D:1      | Reached skill level 1 in Whips & Flails
    50 | D:1      | Reached XP level 2. HP: 16/16 MP: 3/3
   209 | D:1      | Reached skill level 2 in Whips & Flails
   339 | D:1      | Reached XP level 3. HP: 20/20 MP: 4/4
   340 | D:1      | Reached skill level 3 in Whips & Flails
   405 | D:1      | Reached XP level 4. HP: 11/25 MP: 5/5
   695 | D:2      | Reached skill level 4 in Whips & Flails
   731 | D:2      | Reached XP level 5. HP: 20/29 MP: 6/6
   829 | D:2      | Splashed by a jelly's acid

Levels and vault maps discovered:
D:1:      tarquinn_simple_flora_water_e, layout_rooms, skrybe_limestone_x,
          portal_sewer_entry_b
D:2:      layout_sewer, zin_statuary, old_standard_altar, first_ration,
          kennysheep_dice

Skill      XL: |  1  2  3  4 |
---------------+-------------+-----
Whips & Flails | 1 2 3 4 |  4.5
Fighting       | |  1.1
Stealth        | |  1.1
Spellcasting   | |  1.0

Action                   |  1- 3 |  4- 6 || total
-------------------------+-------+-------++-------
Melee: Demon whip        |    24 |    18 ||    42
       Unarmed           |    10 |    11 ||    21
  Use: Scroll            |     1 |       ||     1
Armor: Robe              |     2 |       ||     2
       Ice dragon scales |    12 |    10 ||    22
Dodge: Dodged            |     2 |       ||     2
